 Dungeon Crawl Stone Soup version 0.23.2-11-gf996548c65 (webtiles) character file.

Game seed: 1070200756579412695

14 MalarOregon the Skirmisher (level 2, 0/26 HPs)
             Began as a Ghoul Monk on June 4, 2019.
             Slain by a jackal (2 damage)
             ... on level 1 of the Dungeon.
             The game lasted 00:00:38 (439 turns).

MalarOregon the Skirmisher (Ghoul Monk)              Turns: 439, Time: 00:00:39

Health: 0/26       AC:  2    Str: 14    XL:     2   Next: 41%
Magic:  1/1        EV: 13    Int:  5    God:
Gold:   0          SH:  0    Dex: 11    Spells: 1/1 levels left

rFire    . . .     SeeInvis .   a - +0 mace
rCold    + . .     Gourm    .   (no shield)
rNeg     + + +     Faith    .   b - +0 robe
rPois    ∞         Spirit   .   (no helmet)
rElec    .         Reflect  .   (no cloak)
rCorr    .         Harm     .   (no gloves)
MR       .....                  (no boots)
Stlth    ++........             (no amulet)
HPRegen  0.00/turn              (no ring)
MPRegen  0.07/turn              (no ring)

@: rotting
A: rotting body, claws 1, carnivore, cold resistance 1, negative energy
resistance 3, inhibited regeneration, torment resistance, unbreathing
a: no special abilities


You were on level 1 of the Dungeon.
You were not hungry.

You visited 1 branch of the dungeon, and saw 1 of its levels.

Inventory:

Hand Weapons
 a - a +0 mace (weapon)
Armour
 b - a +0 robe (worn)
Comestibles
 e - 2 rations {!d}


   Skills:
 + Level 3.4 Fighting
 * Level 3.0 Maces & Flails
 + Level 2.8 Dodging
 + Level 2.5 Stealth


You had one spell level left.
You didn't know any spells.
Your spell library was empty.

Dungeon Overview and Level Annotations

Branches:
Dungeon (1/15)

Altars:


Innate Abilities, Weirdness & Mutations

Your body is rotting away.
You thrive on raw meat.
You are immune to poison.
You have sharp fingernails.
You are carnivorous and can eat meat at any time.
Your flesh is cold resistant. (rC+)
You are immune to negative energy. (rN+++)
You do not regenerate when monsters are visible.
You are immune to unholy pain and torment.
You can survive without breathing.


Message History

You hit the jackal.
You kill the jackal!
The bat hits you but does no damage. The bat closely misses you.
You closely miss the bat. The bat hits you but does no damage. x2
You completely miss the bat. The bat closely misses you.
The bat hits you but does no damage.
You hit the bat. The bat hits you but does no damage. The bat hits you.
* * * LOW HITPOINT WARNING * * *
The bat hits you.
* * * LOW HITPOINT WARNING * * *
You hit the bat.
You kill the bat!
The jackal bites you.
* * * LOW HITPOINT WARNING * * *
You hit the jackal. The jackal bites you.
* * * LOW HITPOINT WARNING * * *
The jackal pauses to sniff the ground.
The jackal bites you.
* * * LOW HITPOINT WARNING * * *
You hit the jackal. The jackal bites you.
* * * LOW HITPOINT WARNING * * *
You hit the jackal.
You kill the jackal!
The jackal bites you but does no damage.
Unknown command.
You sock the jackal!
You kill the jackal!
Your Maces & Flails skill increases to level 3!
You hit the jackal. The jackal bites you.
* * * LOW HITPOINT WARNING * * *
The jackal barely misses you.
You barely miss the jackal. The jackal bites you.
* * * LOW HITPOINT WARNING * * *
The jackal bites you.
* * * LOW HITPOINT WARNING * * *
You hit the jackal but do no damage. The jackal closely misses you.
The jackal barely misses you.
Unknown command.
You closely miss the jackal. The jackal barely misses you.
You sock the jackal!
You kill the jackal!
The jackal misses you.
You hit the jackal but do no damage.
The jackal bites you but does no damage.
You miss the jackal. The jackal bites you.
* * * LOW HITPOINT WARNING * * *
The jackal bites you but does no damage.
You hit the jackal. The jackal misses you. x2
You hit the jackal. The jackal misses you. The jackal bites you.
You die...

#...#...#.....##### ..#
#...#...##.##...# ####.######
#...#.#.##.###..## ##.....#....
#...#.#.##.......###...........
#...#.#.######....#..÷.........
#...#...# ###.(.............
#...# ..# ##..............
#...#######.#............
........@h.......$.......
.###...####.......†.....
....##. ###....†...... ... ..
##)....#=... ( ### ###.....###
.......# ........# ..........
....######.


You could see a jackal.

Vanquished Creatures
  A bat (D:1)
  A hobgoblin (D:1)
  6 jackals (D:1)
  2 kobolds (D:1)
  A goblin (D:1)
11 creatures vanquished.

Notes
Turn   | Place    | Note
-------+----------+-------------------------------------------
     0 | D:1      | MalarOregon the Ghoul Monk began the quest for the Orb.
     0 | D:1      | Reached XP level 1. HP: 19/19 MP: 0/0
   401 | D:1      | Reached XP level 2. HP: 19/26 MP: 1/1
   439 | D:1      | Slain by a jackal

Skill      XL: |  1  2 |
---------------+-------+-----
Maces & Flails | 3 |  3.0
Fighting       | |  3.4
Dodging        | |  2.8
Stealth        | |  2.5

Action                   || total
-------------------------++-------
Melee: Mace              ||    43
  Eat: Chunk             ||     3
Armor: Robe              ||    21
Dodge: Dodged            ||    60
